[Event "Titled Tuesday Blitz February 21 Late 2023"]
[White "Feng, Eric"]
[Black "Vasquez Schroeder, Rodrigo"]
[WhiteFideId "30952590"]
[BlackFideId "3400042"]
[WhiteElo "1951"]
[BlackElo "2524"]
[Result "0-1"]
[Round "05"]
[TimeControl "180+2"]
[Date "2023.02.21"]
[WhiteClock "0:01:30"]
[BlackClock "0:01:23"]

1. d4 d5 2. c4 c6 3. Nf3 Nf6 4. Nbd2 Bf5 5. Nh4 Be4 6. e3 e6 7. Be2 Nbd7 8. O-O Bd6 9. b3 Qc7 10. g3 h6 11. Nxe4 dxe4 12. Bb2 g5 13. Ng2 c5 14. d5 Be5 15. Qc2 Bxb2 16. Qxb2 Qe5 17. Qxe5 Nxe5 18. dxe6 fxe6 19. Rad1 Ke7 20. f4 exf3 21. Bxf3 Nxf3+ 22. Rxf3 Rad8 23. Rff1 Ne4 24. Ra1 Rd2 25. Ne1 Re2 26. Nd3 Rd8 27. Rad1 Nc3 28. Nc1 Rxd1 29. Rxd1 Rc2 0-1


[Site "https://www.chess.com"]

[Event "Titled Tuesday Blitz February 21 Late 2023"]
[White "Thomforde-Toates, Noah"]
[Black "Urazayev, Arystanbek"]
[WhiteFideId "30951992"]
[BlackFideId "13709810"]
[WhiteElo "2124"]
[BlackElo "2460"]
[Result "1-0"]
[Round "05"]
[TimeControl "180+2"]
[Date "2023.02.21"]
[WhiteClock "0:00:15"]
[BlackClock "0:00:03"]

1. e4 c6 2. d4 d5 3. e5 c5 4. dxc5 e6 5. a3 Bxc5 6. b4 Be7 7. Bb2 Nh6 8. Nf3 O-O 9. Bd3 a5 10. b5 Nd7 11. a4 f6 12. O-O Nf7 13. exf6 Bxf6 14. Bxf6 Qxf6 15. Nbd2 e5 16. Re1 e4 17. Bxe4 dxe4 18. Nxe4 Qf4 19. Qd5 Nf6 20. Nxf6+ Qxf6 21. Rad1 Bg4 22. Rd3 Rad8 23. Qxb7 Rxd3 24. cxd3 Qc3 25. Re7 Bxf3 26. gxf3 Qxd3 27. Qe4 Qd1+ 28. Kg2 Ng5 29. Qc4+ Kh8 30. Qf4 Qg1+ 31. Kxg1 Nh3+ 32. Kg2 Nxf4+ 33. Kg3 Nd5 34. Ra7 g5 35. Rxa5 Rf4 36. Ra7 Rb4 37. Rd7 Nc3 38. a5 Rxb5 39. a6 Ne2+ 40. Kg4 Rb4+ 41. Kxg5 Rb5+ 42. Kf6 Rb6+ 43. Kf7 Rb8 44. a7 Rg8 45. Rb7 Rg7+ 46. Kf6 1-0


[Site "https://www.chess.com"]

[Event "Titled Tuesday Blitz February 21 Late 2023"]
[White "Pichot, Alan"]
[Black "Goroshkov, Maksym"]
[WhiteFideId "110973"]
[BlackFideId "14142716"]
[WhiteElo "2638"]
[BlackElo "2287"]
[Result "1-0"]
[Round "05"]
[TimeControl "180+2"]
[Date "2023.02.21"]
[WhiteClock "0:00:04"]
[BlackClock "0:00:19"]

1. e4 e5 2. Nf3 d6 3. d4 Bg4 4. c3 Nd7 5. h3 Bh5 6. Bc4 Ngf6 7. Nbd2 Be7 8. O-O O-O 9. Re1 c6 10. Bb3 c5 11. d5 b5 12. Nf1 c4 13. Bc2 Nc5 14. Ng3 Bg6 15. b4 cxb3 16. axb3 a5 17. b4 axb4 18. Rxa8 Qxa8 19. cxb4 Na4 20. Bd2 Nb2 21. Qe2 Nc4 22. Bc3 Rc8 23. Ra1 Qb7 24. Bb3 h6 25. Be1 Nh5 26. Nxh5 Bxh5 27. Qa2 Bxf3 28. gxf3 Qd7 29. Kg2 Bh4 30. Qa7 Rc7 31. Qb8+ Kh7 32. Ra8 Qe7 33. Kf1 Rd7 34. Qxb5 Ne3+ 35. fxe3 Bxe1 36. Kxe1 Qh4+ 37. Kd2 Qf2+ 38. Qe2 Qg1 39. Bd1 Rc7 40. Ra6 Qg6 41. b5 f6 42. b6 Rb7 43. Ba4 Rb8 44. Bc6 Qg1 45. b7 Qb1 46. Qc4 Qb2+ 47. Qc2 Qb4+ 48. Ke2 h5 49. Ra8 Rxb7 50. Bxb7 Qxb7 51. Ra2 Qd7 52. Ra8 Qxh3 53. Qc8 Qg2+ 54. Kd3 Qf1+ 55. Kc3 Qc1+ 56. Kb4 Qb2+ 57. Kc4 Qc2+ 58. Kb5 Qb3+ 59. Kc6 Qxe3 60. Qf5+ g6 61. Qxf6 Qc5+ 62. Kd7 Qb5+ 63. Ke6 1-0


[Site "https://www.chess.com"]

[Event "Titled Tuesday Blitz February 21 Late 2023"]
[White "Mekhitarian, Krikor Sevag"]
[Black "Ozates, Tuna"]
[WhiteFideId "2107660"]
[BlackFideId "6354521"]
[WhiteElo "2537"]
[BlackElo "2251"]
[Result "0-1"]
[Round "05"]
[TimeControl "180+2"]
[Date "2023.02.21"]
[WhiteClock "0:00:03"]
[BlackClock "0:00:03"]

1. Nf3 c5 2. c4 Nc6 3. Nc3 Nd4 4. e3 Nxf3+ 5. Qxf3 g6 6. b3 Bg7 7. Bb2 Nh6 8. O-O-O O-O 9. h3 d6 10. Bd3 a6 11. g4 Rb8 12. Rhg1 f5 13. gxf5 Nxf5 14. h4 b5 15. h5 Nd4 16. Qg3 Bf5 17. Bxf5 Nxf5 18. Qf3 bxc4 19. hxg6 h6 20. Qd5+ Kh8 21. Qxc4 Rb4 22. Qxa6 c4 23. Nd5 e5 24. Nxb4 cxb3 25. axb3 Qb8 26. Bc3 d5 27. Nc6 Qxb3 28. Qa1 d4 29. Na5 Qb5 30. Qb1 Qa6 31. Qb4 dxc3 32. dxc3 Rc8 33. Kb2 e4 34. Rd4 Nxd4 35. exd4 Qe2+ 36. Kb3 Qxf2 37. Rb1 e3 38. Qb7 Qf5 39. Rf1 Qe6+ 40. c4 e2 41. Re1 Qe3+ 42. Ka4 Re8 43. Nc6 Qd2 44. Qf7 Ra8+ 45. Kb5 Qxe1 46. Ne7 Qb1+ 47. Kc6 e1=Q 48. Nf5 Ra6+ 49. Kd5 Qee4+ 50. Kc5 Qb6# 0-1


[Site "https://www.chess.com"]

[Event "Titled Tuesday Blitz February 21 Late 2023"]
[White "Fiorito, Francisco"]
[Black "Yuan, Qingyu"]
[WhiteFideId "180165"]
[BlackFideId "8609772"]
[WhiteElo "2305"]
[BlackElo "2373"]
[Result "0-1"]
[Round "05"]
[TimeControl "180+2"]
[Date "2023.02.21"]
[WhiteClock "0:00:15"]
[BlackClock "0:00:34"]

1. d4 d5 2. Nc3 Nf6 3. Bf4 c5 4. e3 cxd4 5. exd4 a6 6. Nf3 Nc6 7. h3 Bf5 8. Be2 e6 9. g4 Bg6 10. Ne5 Nxe5 11. Bxe5 Nd7 12. Bg3 Bb4 13. O-O Rc8 14. Qd2 h5 15. Bd3 Bxd3 16. Qxd3 hxg4 17. hxg4 Qg5 18. Qf3 Nf6 19. Na4 Nxg4 20. c3 Be7 21. Qg2 b5 22. Nc5 Bxc5 23. dxc5 Rxc5 24. Rae1 Nf6 25. Re5 Qg6 26. Rfe1 Rc4 27. R1e3 Re4 28. b3 Rxe5 29. Bxe5 Qb1+ 30. Qf1 Rh1+ 31. Kxh1 Qxf1+ 0-1


[Site "https://www.chess.com"]

[Event "Titled Tuesday Blitz February 21 Late 2023"]
[White "Bryakin, Mikhail"]
[Black "Defend, Balint"]
[WhiteFideId "4165314"]
[BlackFideId "17004853"]
[WhiteElo "2455"]
[BlackElo "1673"]
[Result "1-0"]
[Round "05"]
[TimeControl "180+2"]
[Date "2023.02.21"]
[WhiteClock "0:01:12"]
[BlackClock "0:00:08"]

1. e4 c5 2. Nf3 d6 3. d4 cxd4 4. Nxd4 Nf6 5. Nc3 a6 6. Be2 e5 7. Nb3 Be7 8. O-O O-O 9. h3 Be6 10. Be3 Nbd7 11. Qd3 b5 12. Nd5 Bxd5 13. exd5 Rc8 14. f4 Qc7 15. c3 Nb6 16. fxe5 dxe5 17. d6 Bxd6 18. Rxf6 gxf6 19. Bh6 Kh8 20. Qf5 Bc5+ 21. Kh1 Nd5 22. Bd3 1-0


[Site "https://www.chess.com"]

[Event "Titled Tuesday Blitz February 21 Late 2023"]
[White "Pakleza, Zbigniew"]
[Black "Bilan, Danila"]
[WhiteFideId "1119290"]
[BlackFideId "24161918"]
[WhiteElo "2494"]
[BlackElo "2303"]
[Result "1-0"]
[Round "05"]
[TimeControl "180+2"]
[Date "2023.02.21"]
[WhiteClock "0:00:23"]
[BlackClock "0:00:01"]

1. d4 d5 2. Bf4 Nf6 3. e3 c5 4. c3 Nc6 5. Nd2 Qb6 6. Qb3 c4 7. Qc2 Nh5 8. Bg3 Nxg3 9. hxg3 g6 10. e4 e6 11. Be2 Bg7 12. Ngf3 Bd7 13. O-O Qd8 14. Rfe1 O-O 15. Nf1 b5 16. Ne3 dxe4 17. Qxe4 Ne7 18. Ne5 Rc8 19. a4 a6 20. axb5 axb5 21. Ra7 Bxe5 22. dxe5 Bc6 23. Qh4 Nd5 24. Qxd8 Rfxd8 25. Ng4 Kg7 26. Bf3 Ra8 27. Rea1 Rxa7 28. Rxa7 h5 29. Nf6 b4 30. Bxd5 Bxd5 31. cxb4 Rb8 32. Nxd5 exd5 33. e6 Rxb4 34. Rxf7+ Kg8 35. Rd7 Rxb2 36. Rd8+ Kg7 37. e7 Rb1+ 38. Kh2 Re1 39. e8=Q Rxe8 40. Rxe8 c3 41. Rc8 d4 42. Kg1 Kf6 43. Kf1 d3 44. Rxc3 1-0


[Site "https://www.chess.com"]

[Event "Titled Tuesday Blitz February 21 Late 2023"]
[White "Holt, Conrad"]
[Black "Remolar Gallen, Jose"]
[WhiteFideId "2034387"]
[BlackFideId "2215187"]
[WhiteElo "2540"]
[BlackElo "2285"]
[Result "1-0"]
[Round "05"]
[TimeControl "180+2"]
[Date "2023.02.21"]
[WhiteClock "0:01:18"]
[BlackClock "0:00:03"]

1. d4 Nf6 2. c4 g6 3. Nc3 Bg7 4. e4 d6 5. Nf3 O-O 6. h3 e5 7. dxe5 dxe5 8. Qxd8 Rxd8 9. Bg5 Re8 10. Nd5 Nxd5 11. cxd5 c6 12. Bc4 b5 13. Bb3 a5 14. dxc6 Nxc6 15. Bd5 Ra6 16. a3 Be6 17. O-O-O Nd4 18. Nxd4 exd4 19. Bxe6 Raxe6 20. f3 f5 21. exf5 gxf5 22. Rd2 f4 23. Bxf4 Rf8 24. g3 Rc8+ 25. Kb1 b4 26. axb4 axb4 27. Rc1 Rxc1+ 28. Kxc1 Rc6+ 29. Rc2 Re6 30. Kd2 b3 31. Rc8+ Kf7 32. Rb8 1-0


[Site "https://www.chess.com"]

[Event "Titled Tuesday Blitz February 21 Late 2023"]
[White "Mikhalsky, Vladimir"]
[Black "Christiansen, Johan-Sebastian"]
[WhiteFideId "14144352"]
[BlackFideId "1512668"]
[WhiteElo "2219"]
[BlackElo "2579"]
[Result "0-1"]
[Round "05"]
[TimeControl "180+2"]
[Date "2023.02.21"]
[WhiteClock "0:00:01"]
[BlackClock "0:00:37"]

1. d4 Nf6 2. c4 c5 3. Nf3 cxd4 4. Nxd4 e5 5. Nb5 d5 6. cxd5 Bb4+ 7. Bd2 Bc5 8. N1c3 O-O 9. Qb3 a6 10. Na3 b5 11. Nc2 Bb7 12. e4 Ng4 13. Ne3 Nxe3 14. Bxe3 Bxe3 15. fxe3 Qg5 16. Ne2 Nd7 17. Ng3 Nc5 18. Qc3 Rac8 19. Qd2 Rfd8 20. Bd3 Qf6 21. Rd1 g6 22. Rf1 Qh4 23. Kf2 Bxd5 24. exd5 Rxd5 25. Kg1 Rxd3 26. Qf2 Qe7 27. e4 Rxd1 28. Rxd1 Ne6 29. Qb6 Nd4 30. Qxa6 Qc5 31. Kh1 h5 32. Qf6 Rc6 0-1


[Site "https://www.chess.com"]

[Event "Titled Tuesday Blitz February 21 Late 2023"]
[White "Florescu, Codrut-Constantin"]
[Black "Quispe Arteaga, Gabriel"]
[WhiteFideId "1202200"]
[BlackFideId "32059809"]
[WhiteElo "2259"]
[BlackElo "2381"]
[Result "1-0"]
[Round "05"]
[TimeControl "180+2"]
[Date "2023.02.21"]
[WhiteClock "0:00:40"]
[BlackClock "0:00:02"]

1. e4 c5 2. Nf3 e6 3. d4 cxd4 4. Nxd4 Nf6 5. Nc3 Nc6 6. Ndb5 Bb4 7. a3 Bxc3+ 8. Nxc3 d5 9. exd5 exd5 10. Bd3 O-O 11. O-O d4 12. Ne2 Bg4 13. Bf4 Re8 14. Qd2 Nd5 15. Bg3 Qb6 16. Nf4 Nf6 17. b4 a5 18. Rab1 axb4 19. axb4 Ne5 20. h3 Bd7 21. Rfe1 Nxd3 22. cxd3 h6 23. Rxe8+ Rxe8 24. Re1 Rxe1+ 25. Qxe1 g5 26. Ne2 Nd5 27. Be5 Qxb4 28. Qa1 Qa4 29. Qc1 Bf5 30. Nxd4 Bd7 31. Nf3 Bc6 32. Qc5 Qd1+ 33. Kh2 Qxd3 34. Qd6 Qb5 35. Qxh6 f6 36. Qg6+ Kh8 37. Nxg5 1-0


[Site "https://www.chess.com"]

[Event "Titled Tuesday Blitz February 21 Late 2023"]
[White "Milikow, Yoav"]
[Black "Bach, Matthias"]
[WhiteFideId "2822237"]
[BlackFideId "4603168"]
[WhiteElo "2394"]
[BlackElo "2214"]
[Result "1-0"]
[Round "05"]
[TimeControl "180+2"]
[Date "2023.02.21"]
[WhiteClock "0:00:21"]
[BlackClock "0:00:11"]

1. c4 Nf6 2. Nc3 e6 3. d4 c5 4. d5 exd5 5. cxd5 d6 6. e4 g6 7. f4 Bg7 8. Bb5+ Bd7 9. e5 Qe7 10. Qe2 Bxb5 11. Nxb5 dxe5 12. d6 Qd7 13. Nc7+ Kd8 14. fxe5 Ng4 15. Nf3 Nc6 16. Nxa8 Ncxe5 17. Nxe5 Bxe5 18. O-O Bxh2+ 19. Kh1 Bxd6 20. Bg5+ Kc8 21. Rad1 Re8 22. Qc4 Ne5 23. Qd5 Re6 24. Bf4 f6 25. Bxe5 Rxe5 26. Qxd6 Qxd6 27. Rxd6 1-0


[Site "https://www.chess.com"]

[Event "Titled Tuesday Blitz February 21 Late 2023"]
[White "Kramnik, Vladimir"]
[Black "Fernandez Siles, Luis"]
[WhiteFideId "4101588"]
[BlackFideId "2209420"]
[WhiteElo "2753"]
[BlackElo "2218"]
[Result "1-0"]
[Round "05"]
[TimeControl "180+2"]
[Date "2023.02.21"]
[WhiteClock "0:01:17"]
[BlackClock "0:00:03"]

1. c4 Nf6 2. Nc3 g6 3. g3 Bg7 4. Bg2 O-O 5. d3 d6 6. Nf3 c5 7. O-O Nc6 8. a3 Rb8 9. Bg5 b6 10. Qd2 Bb7 11. b4 Nd4 12. Nxd4 Bxg2 13. Kxg2 cxd4 14. Nb5 Qd7 15. Nxd4 Ng4 16. Be3 f5 17. Rac1 e5 18. Nf3 Rbe8 19. h3 Nxe3+ 20. Qxe3 e4 21. dxe4 Rxe4 22. Qd3 Rfe8 23. e3 Qc6 24. Rc2 g5 25. Qd5+ Qxd5 26. cxd5 g4 27. hxg4 fxg4 28. Ng5 R4e5 29. Ne6 Rxd5 30. Nxg7 Kxg7 31. Rc7+ Kg6 32. Rxa7 Rd2 33. Kg1 h5 34. Rc1 Rf8 35. Rcc7 Rfxf2 36. Rg7+ Kh6 37. Rh7+ Kg6 38. Rag7+ Kf6 39. Rf7+ Kg6 40. Rxf2 Rd1+ 41. Rf1 Rxf1+ 42. Kxf1 Kxh7 43. a4 Kg6 44. a5 bxa5 45. bxa5 Kf5 46. a6 Ke4 47. a7 1-0


[Site "https://www.chess.com"]

[Event "Titled Tuesday Blitz February 21 Late 2023"]
[White "Perez Ponsa, Federico"]
[Black "Ehlvest, Jaan"]
[WhiteFideId "117927"]
[BlackFideId "4500016"]
[WhiteElo "2532"]
[BlackElo "2530"]
[Result "1-0"]
[Round "05"]
[TimeControl "180+2"]
[Date "2023.02.21"]
[WhiteClock "0:00:15"]
[BlackClock "0:00:11"]

1. e4 c5 2. Nf3 Nc6 3. d4 cxd4 4. Nxd4 Nf6 5. Nc3 e5 6. Ndb5 d6 7. Bg5 a6 8. Na3 b5 9. Nd5 Be7 10. Bxf6 Bxf6 11. c3 Rb8 12. Nc2 Bg5 13. Be2 O-O 14. O-O Be6 15. Qd3 a5 16. Na3 b4 17. Nb5 Kh8 18. Rad1 f5 19. exf5 Bxf5 20. Qc4 Rc8 21. Qb3 Be6 22. c4 e4 23. Qg3 Ne5 24. b3 Bxd5 25. Rxd5 Bf4 26. Qh3 Qg5 27. Nxd6 Rcd8 28. Nxe4 Qg6 29. Rxd8 Rxd8 30. Rd1 Rxd1+ 31. Bxd1 h6 32. Qc8+ Kh7 33. Bc2 Nf3+ 34. Kh1 1-0


[Site "https://www.chess.com"]

[Event "Titled Tuesday Blitz February 21 Late 2023"]
[White "Grigoriants, Sergey"]
[Black "Hnydiuk, Aleksander"]
[WhiteFideId "4130804"]
[BlackFideId "1109057"]
[WhiteElo "2562"]
[BlackElo "2363"]
[Result "0-1"]
[Round "05"]
[TimeControl "180+2"]
[Date "2023.02.21"]
[WhiteClock "0:00:04"]
[BlackClock "0:00:07"]

1. d4 Nf6 2. c4 g6 3. f3 Bg7 4. e4 O-O 5. Nc3 d6 6. Nge2 c5 7. d5 e6 8. Ng3 exd5 9. cxd5 h5 10. Be2 h4 11. Nf1 Nh5 12. g4 hxg3 13. hxg3 a6 14. g4 Nf6 15. Bg5 b5 16. Qd2 b4 17. Nd1 Qc7 18. Bh6 Ne8 19. Bxg7 Nxg7 20. Ng3 f6 21. Ne3 Nd7 22. Kf2 Ne5 23. f4 Nf7 24. Nc4 Re8 25. Rh2 Bd7 26. Rah1 Bb5 27. Qc2 Bxc4 28. Bxc4 g5 29. e5 fxe5 30. f5 e4 31. Nxe4 Rxe4 32. Qxe4 Re8 33. Qc2 Qe7 34. Rh3 Qe5 35. Rf3 Qd4+ 36. Kg3 Ne5 37. f6 Qxg4+ 38. Kf2 Qxf3+ 0-1


[Site "https://www.chess.com"]

[Event "Titled Tuesday Blitz February 21 Late 2023"]
[White "Kobo, Ori"]
[Black "Urbina Perez, Juan Antonio"]
[WhiteFideId "2812320"]
[BlackFideId "2217368"]
[WhiteElo "2559"]
[BlackElo "2266"]
[Result "1-0"]
[Round "05"]
[TimeControl "180+2"]
[Date "2023.02.21"]
[WhiteClock "0:00:17"]
[BlackClock "0:00:27"]

1. e4 c5 2. Nc3 Nc6 3. Bb5 Nd4 4. Nf3 a6 5. Bd3 g6 6. O-O Bg7 7. Re1 e6 8. e5 Nxf3+ 9. Qxf3 d5 10. exd6 Qxd6 11. Ne4 Qe7 12. Qg3 Nf6 13. Nd6+ Kf8 14. Nxc8 Rxc8 15. Rb1 Nd5 16. a3 Qc7 17. Qf3 Qf4 18. Qe2 Qd6 19. Be4 Bf6 20. d3 Kg7 21. c4 Ne7 22. b4 b6 23. Qf3 Nf5 24. g4 Nd4 25. Bh6+ Kxh6 26. Qxf6 Qd8 27. g5+ Kh5 28. Bf3+ Nxf3+ 29. Qxf3+ Kxg5 30. Qxf7 Kh6 31. Qxe6 Qg5+ 32. Kh1 Rce8 33. Qh3+ Kg7 34. Qd7+ Kh6 35. Rxe8 1-0


[Site "https://www.chess.com"]

[Event "Titled Tuesday Blitz February 21 Late 2023"]
[White "Grycel, Kamil"]
[Black "Nasuta, Grzegorz"]
[WhiteFideId "1115499"]
[BlackFideId "1141686"]
[WhiteElo "2315"]
[BlackElo "2552"]
[Result "0-1"]
[Round "05"]
[TimeControl "180+2"]
[Date "2023.02.21"]
[WhiteClock "0:00:36"]
[BlackClock "0:00:17"]

1. b3 d5 2. Bb2 Bf5 3. Nf3 e6 4. g3 Nf6 5. Bg2 h6 6. c4 c6 7. O-O Be7 8. d3 O-O 9. Nbd2 Bh7 10. a3 a5 11. Qc2 Re8 12. Bc3 c5 13. cxd5 exd5 14. e4 Nc6 15. Rfe1 Rc8 16. Bh3 dxe4 17. dxe4 Ra8 18. Rad1 Qc7 19. Qb2 b5 20. Qa1 Rad8 21. Bf1 Qb6 22. a4 b4 23. Bb2 Qb7 24. e5 Nd5 25. Bg2 Qc7 26. e6 fxe6 27. Bxg7 Bf8 28. Bb2 Bg7 29. Ne5 Nxe5 30. Bxe5 Bxe5 31. Rxe5 Nc3 32. Ree1 Bc2 33. Qc1 Bxd1 34. Nc4 Bxb3 35. Ne5 Qxe5 0-1


[Site "https://www.chess.com"]

[Event "Titled Tuesday Blitz February 21 Late 2023"]
[White "EREBUNI91"]
[Black "The_Sherman_Variation"]
[WhiteElo "2753"]
[BlackElo "2501"]
[Result "1-0"]
[Round "05"]
[TimeControl "180+2"]
[Date "2023.02.21"]
[WhiteClock "0:00:31"]
[BlackClock "0:00:28"]

1. e4 c5 2. Nc3 g6 3. d4 cxd4 4. Qxd4 Nf6 5. Be3 Nc6 6. Qd2 Qa5 7. f3 d6 8. Bc4 Bg7 9. Nge2 O-O 10. O-O-O Bd7 11. Kb1 Rab8 12. h4 Ne5 13. Bb3 b5 14. Nd5 Qd8 15. h5 Be6 16. Bh6 Bxd5 17. Bxd5 Nc4 18. Bxc4 bxc4 19. Bxg7 Kxg7 20. hxg6 fxg6 21. e5 Ng8 22. Qc3 d5 23. Nd4 Qc8 24. Rh2 e6 25. Rdh1 h6 26. Qe3 g5 27. Rxh6 Nxh6 28. Qxg5+ Kf7 29. Rxh6 Rb6 30. Rh7+ 1-0


[Site "https://www.chess.com"]

[Event "Titled Tuesday Blitz February 21 Late 2023"]
[White "Rottenwohrer Suarez, Juan"]
[Black "Oro, Faustino"]
[WhiteFideId "32068182"]
[BlackFideId "20000197"]
[WhiteElo "2265"]
[BlackElo "2269"]
[Result "0-1"]
[Round "05"]
[TimeControl "180+2"]
[Date "2023.02.21"]
[WhiteClock "0:00:03"]
[BlackClock "0:00:10"]

1. Nf3 Nf6 2. g3 d5 3. Bg2 c6 4. O-O Bf5 5. c4 e6 6. cxd5 exd5 7. Nc3 Be7 8. d3 h6 9. e4 dxe4 10. dxe4 Qxd1 11. Rxd1 Nxe4 12. Nxe4 Bxe4 13. Re1 Bxf3 14. Bxf3 Kf8 15. Bf4 Nd7 16. a3 g5 17. Bd2 Bf6 18. Rab1 Kg7 19. b4 Nb6 20. b5 Rac8 21. bxc6 bxc6 22. Rec1 c5 23. Ba5 c4 24. Bxb6 axb6 25. Rxb6 c3 26. Rc2 Rhd8 27. a4 Be5 28. a5 Rc4 29. Rb7 Ra4 30. Bh5 Rxa5 31. Rxf7+ Kg8 32. Rf5 Ra1+ 33. Kg2 Bg7 34. Rc5 Re1 35. R5xc3 Bxc3 36. Rxc3 Re6 37. Rc7 Rf6 38. Rc2 Rd7 39. Bg4 Re7 40. Bh5 Kg7 41. Bg4 Kg6 42. h3 h5 43. Be2 Rfe6 44. Bd3+ Kf6 45. g4 h4 46. Bf5 Rd6 47. Rb2 Rc7 48. Ra2 Rb6 49. Rd2 Re7 50. Ra2 Rb5 51. Rc2 Rbe5 52. Rd2 Re2 53. Rd6+ Ke5 54. Rg6 Kf4 55. Rd6 Ra2 56. Rd4+ Ke5 57. Re4+ Kf6 58. Rxe7 Kxe7 59. Kf3 Kf6 60. Kg2 Ke5 61. Kf3 Ra3+ 62. Kg2 Kf4 63. Be6 Ke4 64. Bf5+ Kd4 65. Be6 Ra6 66. Bf5 Rd6 67. Bc8 Rf6 68. Bf5 Kc3 69. Kf3 Kd4 70. Kg2 Ra6 71. Kf3 Ra3+ 72. Kg2 Kc3 73. Kf3 Kd2+ 74. Ke4 Rxh3 75. Ke5 Rh2 76. Kf6 Rxf2 77. Kxg5 h3 0-1


[Site "https://www.chess.com"]

[Event "Titled Tuesday Blitz February 21 Late 2023"]
[White "Solon, Nathan"]
[Black "Yeritsyan, Hayk"]
[WhiteFideId "2017229"]
[BlackFideId "13307320"]
[WhiteElo "2306"]
[BlackElo "2241"]
[Result "1-0"]
[Round "05"]
[TimeControl "180+2"]
[Date "2023.02.21"]
[WhiteClock "0:00:10"]
[BlackClock "0:00:01"]

1. Nf3 d5 2. g3 Nf6 3. Bg2 c6 4. O-O Bf5 5. c4 e6 6. Qb3 Qb6 7. d3 h6 8. Nc3 Qxb3 9. axb3 Nbd7 10. Be3 a6 11. Bd2 Be7 12. Rfe1 Bh7 13. e4 dxe4 14. dxe4 O-O-O 15. e5 Ng4 16. Ne4 Ngxe5 17. Nxe5 Nxe5 18. Bc3 Nd3 19. Re2 Rhg8 20. h4 Nc5 21. Nxc5 Bxc5 22. b4 Bd4 23. b5 axb5 24. cxb5 Bxc3 25. bxc3 Bd3 26. Rb2 Bxb5 27. Ra7 Kb8 28. Ra5 Kc7 29. Ra1 Ra8 30. Rab1 Ra7 31. Rb4 Bd3 32. R1b2 Rd8 33. Rf4 f6 34. h5 e5 35. Rg4 Rd7 36. Rd2 Ra1+ 37. Kh2 Bf5 38. Rxd7+ Bxd7 39. Rxg7 Rc1 40. Bh3 Rd1 41. Rf7 Rd6 42. Bxd7 Rxd7 43. Rxf6 b5 44. Rxh6 Kb6 45. Rh8 Kc5 46. Rc8 Rd6 47. g4 Kc4 48. g5 Kxc3 49. g6 Rd7 50. h6 c5 51. Rxc5+ Kd4 52. Rxb5 Rd6 53. h7 Rxg6 54. h8=Q 1-0


[Site "https://www.chess.com"]

[Event "Titled Tuesday Blitz February 21 Late 2023"]
[White "Darini, Pouria"]
[Black "Nilsson, Joakim"]
[WhiteFideId "12502200"]
[BlackFideId "1723383"]
[WhiteElo "2401"]
[BlackElo "2188"]
[Result "1-0"]
[Round "05"]
[TimeControl "180+2"]
[Date "2023.02.21"]
[WhiteClock "0:00:14"]
[BlackClock "0:01:24"]

1. a3 e5 2. c4 Nf6 3. d3 Nc6 4. Nf3 g6 5. g3 Bg7 6. Bg2 O-O 7. O-O d5 8. cxd5 Nxd5 9. Bd2 h6 10. Nc3 Be6 11. Rc1 Nxc3 12. Bxc3 Qd7 13. b4 a6 14. Nd2 Bh3 15. Bxh3 Qxh3 16. Qb3 Rae8 17. Qd5 Kh7 18. Qg2 Qxg2+ 19. Kxg2 f5 20. Nb3 Nd8 21. Bb2 c6 22. e4 f4 23. f3 g5 24. Rfd1 Ne6 25. d4 Nxd4 26. Nxd4 exd4 27. Bxd4 fxg3 28. hxg3 Bxd4 29. Rxd4 Re7 30. Rd6 Kg7 31. g4 Rf6 32. Rcd1 Ref7 33. Rxf6 Rxf6 34. Kf2 Rf7 35. Ke3 Rc7 36. Rd6 Rf7 37. a4 Rc7 38. Kd4 Rf7 39. Ke3 Rc7 40. e5 Rf7 41. a5 Rc7 42. f4 gxf4+ 43. Kxf4 Rf7+ 44. Ke4 Re7 45. Kf5 Rf7+ 46. Rf6 Rc7 47. Rg6+ Kh7 48. Rd6 Kg7 49. Ke6 Kg6 50. Rd7 Rc8 51. Kd6 Kg5 52. Rg7+ Kf4 53. e6 Rd8+ 54. Kc7 Re8 55. Kd7 Rb8 56. e7 b6 57. e8=Q Rb7+ 58. Kxc6 Rxg7 59. Qf8+ Kg3 60. Qxg7 bxa5 61. bxa5 h5 62. gxh5+ Kh4 63. h6 Kh3 64. Kb6 Kh2 65. Kxa6 Kh1 66. h7 Kh2 67. Kb6 Kh3 68. h8=Q# 1-0


[Site "https://www.chess.com"]

[Event "Titled Tuesday Blitz February 21 Late 2023"]
[White "Fiorito, Joaquin"]
[Black "Manukyan, Sargis V."]
[WhiteFideId "180173"]
[BlackFideId "13303465"]
[WhiteElo "2405"]
[BlackElo "2253"]
[Result "0-1"]
[Round "05"]
[TimeControl "180+2"]
[Date "2023.02.21"]
[WhiteClock "0:00:07"]
[BlackClock "0:00:21"]

1. d4 Nf6 2. Nc3 d5 3. Bf4 g6 4. e3 Bg7 5. h4 h6 6. Nf3 c5 7. Nb5 Na6 8. c3 Bf5 9. Ne5 Ne4 10. f3 Nd6 11. g4 Be6 12. a4 c4 13. b3 Nc7 14. bxc4 dxc4 15. Nxc7+ Qxc7 16. e4 Rd8 17. Qc2 O-O 18. Be2 Qa5 19. Qd2 Kh7 20. O-O f6 21. Nxg6 Kxg6 22. Bxd6 Rxd6 23. f4 Kh7 24. Qc2 Kh8 25. f5 Bf7 26. g5 fxg5 27. hxg5 hxg5 28. Kg2 Rfd8 29. Qd2 Bh6 30. Qe3 Kg7 31. Rh1 e5 32. d5 Qb6 33. Qg3 Qb2 34. Rae1 Re8 35. Rh2 Qd2 36. Kf1 Qf4+ 37. Qxf4 exf4 38. Bf3 Re5 39. Rd1 g4 40. Bxg4 Rxe4 41. Rg2 Kf6 42. Rh2 Bg5 43. Rdd2 Rxd5 44. Rb2 b6 45. Bf3 Rde5 46. Bxe4 Rxe4 47. Rb5 Re5 48. Rxe5 Kxe5 49. Rh7 Kf6 50. Kf2 a5 51. Kf3 Bd5+ 52. Kf2 Kxf5 53. Rd7 Be4 54. Rd6 Bf6 55. Rxb6 Bxc3 56. Rb5+ Kg4 57. Ke2 Bd3+ 58. Kf2 Bd4+ 59. Kg2 c3 60. Kh2 Bxb5 61. axb5 c2 62. b6 c1=Q 63. b7 Qd2+ 64. Kh1 Kg3 65. b8=Q Qg2# 0-1


[Site "https://www.chess.com"]

[Event "Titled Tuesday Blitz February 21 Late 2023"]
[White "Averjanov, Alexey"]
[Black "sissahungrychess"]
[WhiteFideId "14109867"]
[WhiteElo "2399"]
[BlackElo "2453"]
[Result "1-0"]
[Round "05"]
[TimeControl "180+2"]
[Date "2023.02.21"]
[WhiteClock "0:00:13"]
[BlackClock "0:00:03"]

1. d4 Nf6 2. c4 e6 3. Nf3 d5 4. e3 Be7 5. Nbd2 O-O 6. Bd3 a6 7. O-O c5 8. dxc5 Bxc5 9. a3 Nc6 10. b4 Ba7 11. Bb2 d4 12. exd4 Nxd4 13. c5 Nc6 14. Qe2 Bb8 15. Rad1 Nd5 16. Qe4 f5 17. Qc4 Qe8 18. Rfe1 Nf4 19. Ne5 Nxd3 20. Qxd3 Ne7 21. Ndc4 Nd5 22. Nd6 Qh5 23. Nec4 Bd7 24. Qg3 Qh6 25. Rxd5 f4 26. Qg4 exd5 27. Qxd7 dxc4 28. Re7 c3 29. Bxc3 f3 30. Rxg7+ Kh8 31. Rg6+ 1-0


[Site "https://www.chess.com"]

[Event "Titled Tuesday Blitz February 21 Late 2023"]
[White "Risteski, Emil"]
[Black "Fernandez Garcia, Gumersindo"]
[WhiteFideId "15005267"]
[BlackFideId "24516740"]
[WhiteElo "2366"]
[BlackElo "2160"]
[Result "1-0"]
[Round "05"]
[TimeControl "180+2"]
[Date "2023.02.21"]
[WhiteClock "0:01:38"]
[BlackClock "0:00:14"]

1. d3 d5 2. Nf3 Nf6 3. Nbd2 Bg4 4. e4 dxe4 5. dxe4 e6 6. c3 Bc5 7. Qc2 O-O 8. a4 Nc6 9. b4 Be7 10. Be2 a5 11. b5 Nb8 12. Nc4 Nbd7 13. Nfe5 Bxe2 14. Qxe2 Nxe5 15. Nxe5 Bc5 16. Nd3 Bb6 17. O-O Nd7 18. Ba3 Re8 19. c4 Bd4 20. Rad1 e5 21. Bb2 Bxb2 22. Qxb2 Qe7 23. f3 Nc5 24. Qa3 Nd7 25. Qxe7 Rxe7 26. c5 c6 27. Kf2 cxb5 28. axb5 Rc8 29. Rc1 f6 30. Rc3 Kf7 31. Ra1 Ra8 32. c6 bxc6 33. bxc6 Nb6 34. Nc5 Rc7 35. Nb7 a4 36. Nd6+ Ke6 37. Nb5 Rcc8 38. c7 Ra5 39. Rc6+ Kd7 40. Rxb6 a3 41. Rd1+ Ke7 42. Rb8 Rxc7 43. Nxc7 a2 44. Nd5+ Kf7 45. Ra1 1-0


[Site "https://www.chess.com"]